 Dungeon Crawl Stone Soup version 0.21-a0-522-ga8338f0 (webtiles) character file.

270 slep the Skirmisher (level 6, -8/32 HPs)
             Began as a Vine Stalker Wanderer on Dec 6, 2017.
             Shot with an arrow by a centaur (9 damage)
             ... on level 3 of the Dungeon.
             The game lasted 00:11:38 (1904 turns).

slep the Skirmisher (Vine Stalker Wanderer)         Turns: 1904, Time: 00:11:38

Health: -8/32      AC:  6    Str: 16    XL:     6   Next: 22%
Magic:  0/8        EV: 11    Int: 12    God:
Gold:   126        SH:  0    Dex: 14    Spells: 7/7 levels left

rFire    . . .     SeeInvis .   w - +0 war axe (curse)
rCold    . . .     Gourm    .   (no shield)
rNeg     . . .     Faith    .   s - +0 ring mail (curse)
rPois    .         Spirit   +   (no helmet)
rElec    .         Reflect  .   (no cloak)
rCorr    .         Harm     .   (no gloves)
MR       .....                  e - +0 pair of boots
Stlth    +.........             l - amulet of inaccuracy (curse)
HPRegen  0.50/turn              (no ring)
MPRegen  0.11/turn              (no ring)

@: no status effects
A: fangs 2, regeneration 1, magic shield, antimagic bite, no potion heal 3, rot
immunity
a: no special abilities


You were on level 3 of the Dungeon.
You were not hungry.

You visited 1 branch of the dungeon, and saw 3 of its levels.

You collected 126 gold pieces.

Inventory:

Hand Weapons
 a - a +2 quarterstaff
 t - a +0 mace
 w - a cursed +0 war axe (weapon)
Missiles
 y - 5 needles of paralysis
Armour
 d - a +0 robe
 e - a +0 pair of boots (worn)
 s - a cursed +0 ring mail (worn)
Jewellery
 l - a cursed amulet of inaccuracy (around neck)
 p - an uncursed ring of poison resistance {unknown}
Scrolls
 h - 2 scrolls of remove curse {unknown}
 j - 2 scrolls of teleportation {unknown}
 n - a scroll of noise {unknown}
 q - 2 scrolls of enchant armour {unknown}
 r - a scroll of amnesia {unknown}
 u - a scroll of fear {unknown}
 x - a scroll of identify {unknown}
Potions
 b - a potion of lignification
 c - a potion of heal wounds {unknown}
 g - a potion of invisibility {unknown}
 k - a potion of flight {unknown}
 m - a potion of might {unknown}
 o - a potion of berserk rage {unknown}
 v - a potion of curing
 z - a potion of cancellation {unknown}
 A - a potion of agility {unknown}
Comestibles
 f - 2 bread rations
 i - 2 meat rations


   Skills:
 + Level 2.8 Fighting
 + Level 2.3 Axes
 + Level 1.8 Staves
 + Level 1.9 Armour
 + Level 2.5 Dodging
 + Level 2.1 Stealth
   Level 1.7 Shields
 + Level 1.1 Spellcasting
   Level 1.0 Translocations
   Level 1.0 Fire Magic


You had 7 spell levels left.
You didn't know any spells.

Dungeon Overview and Level Annotations

Branches:
Dungeon (3/15)

Altars:
Nemelex Xobeh
Uskayaw


Innate Abilities, Weirdness & Mutations

You have extremely sharp teeth.
Your natural rate of healing is unusually fast.
When hurt, damage is shared between your health and your magic reserves.
Your bite disrupts and absorbs the magic of your enemies.
Potions cannot restore your health.
You are immune to rotting.


Message History

You barely miss the adder. Your bite misses the adder.
The centaur shoots an arrow.
The arrow hits you! The adder bites you.
The centaur shoots an arrow.
The arrow hits you! The adder bites you but does no damage.
You hear an angry hiss.
You barely miss the adder. Your bite misses the adder.
The centaur shoots an arrow.
The arrow closely misses you. The adder completely misses you.
The quokka twitches its whiskers.
The centaur shoots an arrow.
The arrow hits you!
* * * LOW HITPOINT WARNING * * *
An orc comes into view. It is wielding a dagger.
The orc shouts!
The frilled lizard hisses angrily.
The centaur shoots an arrow.
The arrow hits you.
* * * LOW HITPOINT WARNING * * *
The adder misses you.
You see here an arrow.
The centaur shoots an arrow.
The arrow hits you!
You die...

........#...............
.##.###.###.#........#..
#. #.............
##..####........l#?
#..................
#......[)[.........
#......)<........c.
#.....####......##
###### ##@....###
#####.(.....o%
#....(S.......
#.#.#...#.....
......#......
...##..##.r[... ... ...
...... .# #... ......
.?.# .#.##


You could see a centaur, an adder, an orc, a quokka and a frilled lizard.

Vanquished Creatures
  An orc priest (D:3)
  Natasha (thrice) (D:3 D:2)
  An orc wizard (D:3)
  A worker ant (D:2)
  3 gnolls
  An adder (D:2)
  2 oozes
  3 leopard geckos
  4 orcs
  7 bats
  4 giant cockroaches
  3 goblins
  12 hobgoblins
  4 jackals (D:1)
  3 kobolds
  A quokka (D:2)
  A ball python (D:2)
  3 frilled lizards (D:2)
  9 rats
66 creatures vanquished.

Notes
Turn   | Place    | Note
-------+----------+-------------------------------------------
     0 | D:1      | slep the Vine Stalker Wanderer began the quest for the Orb.
     0 | D:1      | slep set off with: a +2 quarterstaff, a potion of lignification, a potion of curing, a +0 robe, a bread ration
     0 | D:1      | Reached XP level 1. HP: 11/11 MP: 3/3
    59 | D:1      | Reached XP level 2. HP: 13/15 MP: 4/4
   623 | D:1      | Reached XP level 3. HP: 12/19 MP: 5/5
   971 | D:2      | Noticed a dagger
   972 | D:2      | Noticed a dagger
   973 | D:2      | Found a hide-covered altar of Uskayaw.
  1414 | D:2      | Found a sparkling altar of Nemelex Xobeh.
  1546 | D:2      | Gained mutation: Your natural rate of healing is unusually fast. [Vine Stalker growth]
  1546 | D:2      | Reached XP level 4. HP: 23/23 MP: 6/6
  1557 | D:2      | HP: 1/23 [adder (2)]
  1653 | D:3      | Reached skill level 1 in Axes
  1653 | D:3      | Reached skill level 1 in Armour
  1667 | D:3      | Reached XP level 5. HP: 15/27 MP: 7/7
  1682 | D:3      | Noticed Natasha
  1690 | D:3      | Killed Natasha
  1693 | D:3      | Noticed a centaur
  1698 | D:3      | Noticed Natasha
  1749 | D:2      | Killed Natasha
  1830 | D:2      | Reached XP level 6. HP: 8/32 MP: 1/8
  1872 | D:2      | Noticed Natasha
  1882 | D:2      | Killed Natasha
  1903 | D:3      | HP: 1/32 [centaur/arrow (4)]
  1904 | D:3      | Shot with an arrow by a centaur

Vault maps used:
D:1:      co_arrival_random_square_maze
D:2:      nemelex_altar_shiori, dancing_weapons_uskayaw
D:3:      first_bread, uniq_natasha

Skill      XL: |  1  2  3  4  5 |
---------------+----------------+-----
Fighting       | 2 |  2.8
Axes           | 1 2 |  2.3
Armour         | 1 |  1.9
Dodging        | 2 |  2.5
Stealth        | 2 |  2.1
Staves         | |  1.8
Shields        | |  1.7
Spellcasting   | |  1.1
Translocations | |  1.0
Fire Magic     | |  1.0

Action                   |  1- 3 |  4- 6 || total
-------------------------+-------+-------++-------
Melee: Quarterstaff      |    75 |       ||    75
       Bite              |    32 |    20 ||    52
       War axe           |    73 |   136 ||   209
       Mace              |    15 |       ||    15
  Use: Potion            |       |     2 ||     2
 Stab: Sleeping          |     1 |       ||     1
  Eat: Chunk             |     2 |     2 ||     4
Armor: Robe              |    13 |       ||    13
       Ring mail         |    48 |   122 ||   170
       Skin              |       |    40 ||    40
Dodge: Dodged            |   150 |   142 ||   292

Table legend:
 A = Spawn XP
 B = Non-spawn XP
 C = Spawn XP percentage of total XP
 D = Spawn monster count
 E = Non-spawn monster count
 F = Spawn count percentage of total count
 G = Total turns spent on level
                    A         B        C        D         E        F      G
               +---------+---------+-------+---------+---------+-------+---------
         Total |       0 |     387 |   0.0 |       0 |      66 |   0.0 |  1904
               +---------+---------+-------+---------+---------+-------+---------
           D:1 |       0 |      35 |   0.0 |       0 |      19 |   0.0 |   852
           D:2 |       0 |     211 |   0.0 |       0 |      38 |   0.0 |   962
           D:3 |       0 |     141 |   0.0 |       0 |       9 |   0.0 |    90
               +---------+---------+-------+---------+---------+-------+---------
